 Dungeon Crawl Stone Soup version 0.32-a0-928-g1cae6b7ea0 (webtiles) character file.

Game seed: 3872226003321589160

81 zazu2006 the Sneak (level 4, -1/37 HPs)
             Began as a Gnoll Wanderer on Apr 12, 2024.
             Slain by a centaur (3 damage)
             ... on level 3 of the Dungeon.
             The game lasted 00:02:41 (1184 turns).

zazu2006 the Sneak (Gnoll Wanderer)                 Turns: 1184, Time: 00:02:42

Health: -1/37      AC:  2    Str:  9    XL:     4   Next: 40%
Magic:  6/6        EV: 11    Int: 12    God:
Gold:   56         SH:  0    Dex: 15    Spells: 5/5 levels left

rFire   . . .        h - +2 dagger (venom)
rCold   . . .        (no shield)
rNeg    . . .        g - +0 robe
rPois   .            (no helmet)
rElec   .            (no cloak)
rCorr   .            (no gloves)
SInv    .            (no boots)
Will    .....        (no amulet)
Stlth   ++++         (no ring)
HPRegen 0.26/turn    (no ring)
MPRegen 0.10/turn

%: no passive effects
@: no status effects
A: fangs 1, strong nose, distributed training, robust 1, subdued magic 1
a: no special abilities


You were on level 3 of the Dungeon.
You visited 1 branch of the dungeon, and saw 3 of its levels.

You collected 56 gold pieces.

Inventory:

Hand Weapons
 d - a +0 quarterstaff
 h - a +2 dagger of venom (weapon)
 l - the +3 flail of Ochod {flame, rF+}
   (You found it on level 2 of the Dungeon)

   rF+:       It protects you from fire.
Missiles
 b - 2 atropa-tipped darts (quivered)
 c - 2 datura-tipped darts
 j - 10 poisoned darts
Armour
 g - a +0 robe (worn)
Wands
 p - a wand of mindburst (17)
Scrolls
 m - 2 scrolls of fear {unknown}
 n - a scroll of amnesia {unknown}
 o - a scroll of immolation {unknown}
Potions
 a - a potion of haste {unknown}
 e - a potion of lignification
 f - 2 potions of attraction
 i - 2 potions of mutation
 k - a potion of curing {unknown}


   Skills:
 + Level 2.8 Fighting
 + Level 1.2 Short Blades
 + Level 1.2 Long Blades
 + Level 1.2 Axes
 + Level 1.2 Maces & Flails
 + Level 1.2 Polearms
 + Level 6.6 Staves
 + Level 1.2 Ranged Weapons
 + Level 1.2 Throwing
 + Level 2.8 Armour
 + Level 1.2 Dodging
 + Level 7.8 Stealth
 + Level 1.2 Shields
 + Level 1.2 Unarmed Combat
 + Level 1.2 Spellcasting
 + Level 1.0 Conjurations
 + Level 1.0 Hexes
 + Level 1.0 Summonings
 + Level 1.0 Necromancy
 + Level 1.0 Translocations
 + Level 1.0 Fire Magic
 + Level 1.0 Ice Magic
 + Level 1.0 Air Magic
 + Level 1.0 Earth Magic
 + Level 1.0 Alchemy
 + Level 2.9 Invocations
 + Level 1.2 Evocations
 + Level 1.1 Shapeshifting


You had 5 spell levels left.
You didn't know any spells.
Your spell library was empty.

Dungeon Overview and Level Annotations

Branches:
Dungeon (3/15)

Altars:
Elyvilon
Zin
The Shining One


Innate Abilities, Weirdness & Mutations

You have very sharp teeth.
Your uncanny sense of smell can sniff out nearby items.
Your experience applies equally to all skills.
You are robust. (+10% HP)
Your spells are a little easier to cast, but a little less powerful.


Message History

A ball python comes into view.
You see here a wand of mindburst (17).
Unknown command.
p - a wand of mindburst (17)
The helpless ball python fails to defend itself.
You impale the ball python!!
You kill the ball python!
A centaur comes into view.
The centaur shouts!
The centaur wields a +0 orcbow.
The centaur shoots an arrow.
The arrow hits you!
The centaur shoots an arrow.
The arrow completely misses you.
The centaur unwields a +0 orcbow.
The centaur barely misses you. The centaur completely misses you.
You hit the centaur but do no damage.
The centaur is poisoned.
The centaur hits you. The centaur kicks you.
You hit the centaur.
The centaur looks as sick as possible!
The centaur is lightly wounded.
The centaur hits you. The centaur kicks you. The centaur barely misses you.
The centaur kicks you.
* * * LOW HITPOINT WARNING * * *
You hit the centaur.
The centaur is lightly wounded.
The centaur hits you.
* * * LOW HITPOINT WARNING * * *
The centaur barely misses you.
You barely miss the centaur.
The centaur is moderately wounded.
The centaur closely misses you. The centaur kicks you.
* * * LOW HITPOINT WARNING * * *
The centaur hits you.
* * * LOW HITPOINT WARNING * * *
The centaur kicks you.
* * * LOW HITPOINT WARNING * * *
It was a potion of mutation.
You feel extremely strange.
Your connection to magic feels subdued.
You feel robust. The centaur hits you.
* * * LOW HITPOINT WARNING * * *
The centaur kicks you.
You die...

#................#.##
# ............####.##
###. #.#######..#
#... ... #..........#
#### #.###.########.#
#.....# #.# #...###
#(# #...##### #.#
#....@c.# .#
##..###.# .# #... ..
#.## #.# #. # #. #.


You could see a centaur (very poisoned).

Vanquished Creatures
  6 adders
  2 dart slugs (D:1)
  A ribbon worm (D:2)
  3 ball pythons
  3 bats
  2 endoplasms
  2 goblins (D:1)
  A hobgoblin (D:2)
  A frilled lizard (D:2)
  2 kobolds
  2 rats (D:2)
25 creatures vanquished.

Notes
Turn   | Place    | Note
-------+----------+-------------------------------------------
     0 | D:1      | zazu2006 the Gnoll Wanderer began the quest for the Orb.
     0 | D:1      | zazu2006 set off with the following items: a +0 dagger, 2
                  | atropa-tipped darts, 2 datura-tipped darts, a +0
                  | quarterstaff, a potion of lignification, a potion of
                  | attraction, a +0 robe.
     0 | D:1      | Reached XP level 1. HP: 17/17 MP: 2/2
   232 | D:1      | Reached XP level 2. HP: 21/23 MP: 3/3
   518 | D:2      | Reached XP level 3. HP: 24/28 MP: 4/4
   547 | D:2      | Identified the +3 flail of Ochod {flame, rF+}
   723 | D:2      | Reached skill level 1 in Short Blades
   723 | D:2      | Reached skill level 1 in Long Blades
   723 | D:2      | Reached skill level 1 in Axes
   723 | D:2      | Reached skill level 1 in Maces & Flails
   723 | D:2      | Reached skill level 1 in Polearms
   723 | D:2      | Reached skill level 1 in Ranged Weapons
   723 | D:2      | Reached skill level 1 in Throwing
   723 | D:2      | Reached skill level 1 in Dodging
   723 | D:2      | Reached skill level 1 in Shields
   723 | D:2      | Reached skill level 1 in Unarmed Combat
   723 | D:2      | Reached skill level 1 in Spellcasting
   723 | D:2      | Reached skill level 1 in Evocations
   750 | D:2      | Reached skill level 1 in Shapeshifting
   750 | D:2      | Reached XP level 4. HP: 8/34 MP: 6/6
   969 | D:3      | Reached skill level 1 in Conjurations
   969 | D:3      | Reached skill level 1 in Hexes
   969 | D:3      | Reached skill level 1 in Summonings
   969 | D:3      | Reached skill level 1 in Necromancy
   969 | D:3      | Reached skill level 1 in Translocations
   969 | D:3      | Reached skill level 1 in Fire Magic
   969 | D:3      | Reached skill level 1 in Ice Magic
   969 | D:3      | Reached skill level 1 in Air Magic
   969 | D:3      | Reached skill level 1 in Earth Magic
   969 | D:3      | Reached skill level 1 in Alchemy
  1056 | D:3      | Found a white marble altar of Elyvilon.
  1056 | D:3      | Found a glowing golden altar of the Shining One.
  1056 | D:3      | Found a glowing silver altar of Zin.
  1177 | D:3      | Noticed a centaur
  1184 | D:3      | Gained mutation: Your spells are a little easier to cast,
                  | but a little less powerful. [potion of mutation]
  1184 | D:3      | Gained mutation: You are robust. (+10% HP) [potion of
                  | mutation]
  1184 | D:3      | Slain by a centaur

Illustrated notes

Levels and vault maps discovered:
D:1:      wander_arrival_desolate, layout_basic
D:2:      layout_loops_ring, serial_rivers, chequers_serial_rivers_micro_e,
          chequers_serial_rivers_small_3, chequers_serial_rivers_micro_a,
          chequers_serial_rivers_large_b
D:3:      layout_loops_ring, dreamdust_divine_triumvirate, lemuel_round_altar,
          chequers_ecumenical_altar_grove

Skill      XL: |  1  2  3  4 |
---------------+-------------+-----
Short Blades   | 1 |  1.2
Long Blades    | 1 |  1.2
Axes           | 1 |  1.2
Maces & Flails | 1 |  1.2
Polearms       | 1 |  1.2
Ranged Weapons | 1 |  1.2
Throwing       | 1 |  1.2
Dodging        | 1 |  1.2
Shields        | 1 |  1.2
Unarmed Combat | 1 |  1.2
Spellcasting   | 1 |  1.2
Evocations     | 1 |  1.2
Shapeshifting  | 1 |  1.1
Conjurations   | 1 |  1.0
Hexes          | 1 |  1.0
Summonings     | 1 |  1.0
Necromancy     | 1 |  1.0
Translocations | 1 |  1.0
Fire Magic     | 1 |  1.0
Ice Magic      | 1 |  1.0
Air Magic      | 1 |  1.0
Earth Magic    | 1 |  1.0
Alchemy        | 1 |  1.0
Fighting       | |  2.8
Staves         | |  6.6
Armour         | |  2.8
Stealth        | |  7.8
Invocations    | |  2.9

Action                     |  1- 3 |  4- 6 || total
---------------------------+-------+-------++-------
  Melee: Dagger            |    29 |    19 ||    48
         Bite              |     2 |       ||     2
         Quarterstaff      |     1 |       ||     1
         Flail             |    13 |       ||    13
    Use: Potion            |       |     1 ||     1
   Stab: Sleeping          |     7 |     2 ||     9
         Distracted        |     1 |       ||     1
 Armour: Robe              |    20 |    27 ||    47
  Dodge: Dodged            |    14 |    10 ||    24

Table legend: (Time is in decaauts)
 A = Elapsed time spent in this place.
 B = Non-inter-level travel time spent in this place.
 C = Inter-level travel time spent in this place.
 D = Time resting spent in this place.
 E = Time spent auto-exploring this place.
 F = Levels seen in this place.
 G = Mean time per level.
                   A        B        C        D        E       F      G
               +--------+--------+--------+--------+--------+-----+--------+
         Total |   1211 |   1103 |    108 |      0 |    731 |   3 |  403.7 |
       Dungeon |   1211 |   1103 |    108 |      0 |    731 |   3 |  403.7 |
               +--------+--------+--------+--------+--------+-----+--------+

Top non-repeatable levels by time:
     D:1: 505 daAuts
     D:2: 374 daAuts
     D:3: 332 daAuts
